[ AOE2 MATCH · #506500702 ]
UnrankedAztecs vs Persians
Player's team · WIN
Rival team · LOSS
[ REPLAY ANALYSIS · EXTRACTED FROM THE RECORDED GAME ]
Feudal
9:19
Castle
21:47
Imperial
—
| APM avg | 70.7 |
| APM peak | 106 |
| eAPM avg | 31.7 |
| Villagers / military | 133 / 120 |
Focus
⚔️ 40.1% · 🌾 59.9%
Spearman ×39 · Eagle Scout ×39 · Skirmisher ×15 · Monk ×10 · Archer ×7 · Battering Ram ×7
Feudal
10:16
Castle
24:20
Imperial
—
| APM avg | 63.1 |
| APM peak | 79 |
| eAPM avg | 28.2 |
| Villagers / military | 85 / 109 |
Focus
⚔️ 37.9% · 🌾 62.1%
Knight ×55 · Scout Cavalry ×26 · Skirmisher ×22 · Archer ×3 · Militia ×3
Match map
Initial resources + every placement click. Lines = walls · curves = elevation contours. ◆ gold · ⬟ stone · ● berries · ✦ relic · ◌ wall gap
Your base· Open — unwalled flank
CNZS_98T's base· Open — 4t gap
Smoothed initial terrain · ◌ = detected wall gap · hover for details
Inputs per minute
— Oni.Kingstone - - CNZS_98T
Build order — Oni.Kingstone
First 150 of 393 actions detected
| 0:00 | Create | Villager (Male) |
| 0:01 | Create | Villager (Male) |
| 0:01 | Create | Villager (Male) |
| 0:02 | Build | House |
| 0:03 | Build | House |
| 0:11 | Create | Villager (Male) |
| 1:32 | Create | Villager (Male) |
| 2:04 | Create | Villager (Male) |
| 2:18 | Create | Villager (Male) |
| 2:28 | Build | Lumber Camp |
| 2:53 | Create | Villager (Male) |
| 3:04 | Create | Villager (Male) |
| 3:38 | Create | Villager (Male) |
| 3:39 | Create | Villager (Male) |
| 3:48 | Build | House |
| 3:57 | Create | Villager (Male) |
| 4:30 | Create | Villager (Male) |
| 4:30 | Create | Villager (Male) |
| 4:44 | Create | Villager (Male) |
| 4:45 | Create | Villager (Male) |
| 5:05 | Build | Barracks |
| 5:10 | Create | Villager (Male) |
| 5:10 | Create | Villager (Male) |
| 5:21 | Create | Villager (Male) |
| 5:21 | Create | Villager (Male) |
| 5:31 | Build | House |
| 5:44 | Create | Villager (Male) |
| 6:13 | Research | Loom |
| 6:39 | Build | Mill |
| 7:09 | Research | Feudal Age |
| 7:31 | Build | Mining Camp |
| 7:40 | Create | Militia |
| 7:40 | Create | Militia |
| 8:01 | Create | Militia |
| 9:19 | Age | Feudal Age |
| 9:19 | Build | House |
| 9:23 | Research | Man-at-Arms (upgrade) |
| 9:23 | Create | Villager (Male) |
| 9:27 | Build | Archery Range |
| 9:40 | Create | Villager (Male) |
| 10:03 | Research | Double-Bit Axe |
| 10:06 | Create | Villager (Male) |
| 10:13 | Create | Archer |
| 10:38 | Create | Archer |
| 10:39 | Create | Villager (Male) |
| 10:40 | Build | Farm |
| 10:51 | Build | House |
| 11:01 | Create | Villager (Male) |
| 11:03 | Create | Archer |
| 11:13 | Create | Villager (Male) |
| 11:31 | Create | Villager (Male) |
| 11:48 | Build | Blacksmith |
| 11:52 | Build | House |
| 11:57 | Create | Villager (Male) |
| 12:05 | Create | Skirmisher |
| 12:18 | Build | Farm |
| 12:29 | Build | Farm |
| 12:32 | Build | House |
| 12:45 | Create | Villager (Male) |
| 12:46 | Build | Farm |
| 12:49 | Build | Farm |
| 13:12 | Research | Fletching |
| 13:14 | Create | Archer |
| 13:15 | Build | Farm |
| 13:26 | Create | Eagle Scout |
| 13:30 | Build | House |
| 13:43 | Create | Villager (Male) |
| 13:50 | Create | Archer |
| 13:58 | Build | Farm |
| 13:59 | Create | Villager (Male) |
| 14:02 | Build | Farm |
| 14:19 | Create | Villager (Male) |
| 14:29 | Create | Skirmisher |
| 14:38 | Create | Villager (Male) |
| 14:42 | Create | Skirmisher |
| 14:55 | Build | Farm |
| 14:56 | Build | Farm |
| 15:10 | Build | Farm |
| 15:11 | Build | Farm |
| 15:18 | Create | Villager (Male) |
| 15:29 | Build | Farm |
| 15:33 | Create | Skirmisher |
| 15:38 | Create | Eagle Scout |
| 15:46 | Create | Villager (Male) |
| 15:53 | Build | Farm |
| 15:54 | Create | Villager (Male) |
| 15:57 | Create | Eagle Scout |
| 15:58 | Create | Skirmisher |
| 16:18 | Create | Skirmisher |
| 16:19 | Create | Eagle Scout |
| 16:35 | Build | Farm |
| 16:35 | Create | Villager (Male) |
| 16:36 | Build | Farm |
| 16:37 | Create | Villager (Male) |
| 16:51 | Create | Skirmisher |
| 16:57 | Create | Villager (Male) |
| 17:00 | Research | Scale Mail Armor |
| 17:00 | Research | Scale Mail Armor |
| 17:13 | Create | Skirmisher |
| 17:14 | Create | Villager (Male) |
| 17:32 | Create | Eagle Scout |
| 17:34 | Create | Villager (Male) |
| 17:44 | Create | Villager (Male) |
| 17:54 | Create | Villager (Male) |
| 17:56 | Build | House |
| 18:00 | Build | Farm |
| 18:01 | Build | Farm |
| 18:01 | Build | Farm |
| 18:07 | Create | Skirmisher |
| 18:14 | Build | House |
| 18:15 | Build | House |
| 18:40 | Create | Villager (Male) |
| 18:50 | Create | Skirmisher |
| 19:03 | Build | Farm |
| 19:07 | Research | Castle Age |
| 19:08 | Research | Castle Age |
| 19:10 | Create | Archer |
| 19:13 | Build | House |
| 19:31 | Create | Eagle Scout |
| 19:35 | Research | Gold Mining |
| 19:46 | Research | Horse Collar |
| 19:48 | Create | Villager (Male) |
| 19:57 | Create | Archer |
| 20:18 | Create | Villager (Male) |
| 20:25 | Build | Farm |
| 20:31 | Create | Skirmisher |
| 20:50 | Create | Eagle Scout |
| 20:58 | Create | Skirmisher |
| 21:13 | Create | Eagle Scout |
| 21:21 | Create | Villager (Male) |
| 21:21 | Build | Farm |
| 21:22 | Build | Farm |
| 21:22 | Build | Farm |
| 21:39 | Create | Eagle Scout |
| 21:47 | Age | Castle Age |
| 22:01 | Create | Villager (Male) |
| 22:07 | Create | Villager (Male) |
| 22:09 | Build | Town Center |
| 22:15 | Research | Bodkin Arrow |
| 22:24 | Create | Eagle Scout |
| 22:32 | Create | Skirmisher |
| 22:42 | Build | Monastery |
| 22:51 | Research | Squires |
| 22:51 | Research | Chain Mail Armor |
| 22:52 | Research | Chain Mail Armor |
| 23:31 | Research | Eagle Warrior (upgrade) |
| 23:31 | Research | Eagle Warrior (upgrade) |
| 23:34 | Create | Skirmisher |
| 23:46 | Create | Villager (Male) |
| 23:53 | Create | Villager (Male) |
Build order — CNZS_98T
First 150 of 349 actions detected
| 0:01 | Create | Villager (Male) |
| 0:01 | Create | Villager (Male) |
| 0:01 | Create | Villager (Male) |
| 0:02 | Create | Villager (Male) |
| 0:03 | Build | House |
| 0:04 | Build | House |
| 0:05 | Create | Villager (Male) |
| 1:24 | Create | Villager (Male) |
| 1:24 | Create | Villager (Male) |
| 1:56 | Build | Lumber Camp |
| 1:59 | Create | Villager (Male) |
| 1:59 | Create | Villager (Male) |
| 2:16 | Create | Villager (Male) |
| 3:01 | Create | Villager (Male) |
| 3:01 | Create | Villager (Male) |
| 3:01 | Create | Villager (Male) |
| 3:27 | Create | Villager (Male) |
| 3:27 | Create | Villager (Male) |
| 3:34 | Build | House |
| 4:01 | Create | Villager (Male) |
| 4:01 | Create | Villager (Male) |
| 4:21 | Create | Villager (Male) |
| 4:22 | Create | Villager (Male) |
| 4:24 | Build | Barracks |
| 4:47 | Build | House |
| 5:17 | Create | Militia |
| 5:23 | Create | Villager (Male) |
| 5:24 | Create | Villager (Male) |
| 5:36 | Create | Villager (Male) |
| 5:41 | Create | Militia |
| 5:42 | Create | Militia |
| 5:47 | Build | House |
| 6:04 | Create | Villager (Male) |
| 6:14 | Build | Mill |
| 6:19 | Create | Villager (Male) |
| 6:49 | Build | Palisade Wall |
| 7:01 | Research | Loom |
| 7:03 | Create | Villager (Male) |
| 7:06 | Build | Palisade Wall |
| 7:10 | Create | Villager (Male) |
| 7:14 | Build | Mining Camp |
| 8:11 | Research | Feudal Age |
| 8:11 | Research | Feudal Age |
| 9:06 | Build | Lumber Camp |
| 9:28 | Build | Palisade Wall |
| 9:32 | Build | Palisade Wall |
| 9:33 | Build | Palisade Wall |
| 9:35 | Build | House |
| 10:03 | Build | Palisade Wall |
| 10:06 | Build | Palisade Wall |
| 10:07 | Create | Villager (Male) |
| 10:08 | Build | House |
| 10:12 | Build | Farm |
| 10:16 | Age | Feudal Age |
| 10:19 | Build | House |
| 10:26 | Build | Archery Range |
| 10:30 | Create | Villager (Male) |
| 10:40 | Build | Palisade Wall |
| 10:42 | Build | Palisade Wall |
| 10:43 | Build | House |
| 10:45 | Build | Palisade Wall |
| 10:57 | Create | Villager (Male) |
| 11:03 | Research | Double-Bit Axe |
| 11:03 | Research | Double-Bit Axe |
| 11:06 | Build | Palisade Wall |
| 11:07 | Build | Palisade Wall |
| 11:11 | Build | Palisade Wall |
| 11:12 | Build | Palisade Wall |
| 11:14 | Create | Archer |
| 11:28 | Create | Villager (Male) |
| 11:43 | Build | House |
| 11:44 | Create | Villager (Male) |
| 11:46 | Build | House |
| 11:51 | Build | Farm |
| 11:53 | Build | Farm |
| 11:58 | Build | Farm |
| 12:05 | Create | Villager (Male) |
| 12:11 | Create | Archer |
| 12:17 | Build | House |
| 12:21 | Build | House |
| 12:41 | Create | Archer |
| 12:47 | Build | Farm |
| 12:48 | Build | Farm |
| 12:55 | Create | Villager (Male) |
| 12:55 | Create | Villager (Male) |
| 12:56 | Build | Farm |
| 13:00 | Create | Skirmisher |
| 13:04 | Build | Farm |
| 13:26 | Create | Skirmisher |
| 13:31 | Build | House |
| 13:33 | Build | House |
| 13:36 | Build | House |
| 13:45 | Create | Villager (Male) |
| 13:49 | Create | Skirmisher |
| 13:52 | Build | Farm |
| 13:57 | Build | Farm |
| 14:06 | Create | Villager (Male) |
| 14:07 | Build | Palisade Wall |
| 14:16 | Create | Skirmisher |
| 14:35 | Create | Villager (Male) |
| 14:35 | Create | Villager (Male) |
| 14:46 | Create | Villager (Male) |
| 14:47 | Create | Skirmisher |
| 15:01 | Create | Skirmisher |
| 15:02 | Create | Villager (Male) |
| 15:04 | Build | Farm |
| 15:16 | Create | Skirmisher |
| 15:27 | Create | Villager (Male) |
| 15:31 | Build | House |
| 15:46 | Build | House |
| 15:49 | Build | House |
| 15:56 | Build | Blacksmith |
| 15:59 | Create | Villager (Male) |
| 16:09 | Build | Palisade Wall |
| 16:19 | Create | Skirmisher |
| 16:20 | Create | Villager (Male) |
| 16:25 | Build | Farm |
| 16:31 | Create | Villager (Male) |
| 16:39 | Build | Palisade Wall |
| 16:42 | Research | Fletching |
| 16:42 | Research | Fletching |
| 16:46 | Create | Skirmisher |
| 16:47 | Create | Villager (Male) |
| 16:49 | Build | Farm |
| 17:12 | Create | Skirmisher |
| 17:12 | Create | Villager (Male) |
| 17:34 | Create | Skirmisher |
| 17:40 | Create | Villager (Male) |
| 17:44 | Build | Farm |
| 17:51 | Research | Padded Archer Armor |
| 17:51 | Research | Padded Archer Armor |
| 17:51 | Create | Skirmisher |
| 17:57 | Create | Skirmisher |
| 18:06 | Build | Farm |
| 18:08 | Create | Villager (Male) |
| 18:11 | Build | Mill |
| 18:20 | Create | Skirmisher |
| 18:40 | Create | Skirmisher |
| 18:46 | Create | Villager (Male) |
| 18:48 | Build | Farm |
| 18:48 | Build | Farm |
| 19:00 | Create | Skirmisher |
| 19:09 | Create | Villager (Male) |
| 19:11 | Create | Villager (Male) |
| 19:12 | Build | Market |
| 19:16 | Build | Stable |
| 19:18 | Build | Farm |
| 20:04 | Build | Mining Camp |
| 20:11 | Create | Scout Cavalry |
| 20:11 | Create | Scout Cavalry |
Match timeline
| 4:24 | CNZS_98T · first_building Barracks |
| 5:05 | Oni.Kingstone · first_building Barracks |
| 6:49 | CNZS_98T · wall_segment Palisade Wall x5 |
| 7:06 | CNZS_98T · wall_segment Palisade Wall x5 |
| 9:19 | Oni.Kingstone · age_up feudal |
| 9:27 | Oni.Kingstone · first_building Archery Range |
| 9:28 | CNZS_98T · wall_segment Palisade Wall x2 |
| 9:32 | CNZS_98T · wall_segment Palisade Wall x3 |
| 9:33 | CNZS_98T · wall_segment Palisade Wall x1 |
| 10:03 | CNZS_98T · wall_segment Palisade Wall x2 |
| 10:06 | CNZS_98T · wall_segment Palisade Wall x8 |
| 10:16 | CNZS_98T · age_up feudal |
| 10:26 | CNZS_98T · first_building Archery Range |
| 10:40 | CNZS_98T · wall_segment Palisade Wall x1 |
| 10:42 | CNZS_98T · wall_segment Palisade Wall x1 |
| 10:45 | CNZS_98T · wall_segment Palisade Wall x1 |
| 11:06 | CNZS_98T · wall_segment Palisade Wall x1 |
| 11:07 | CNZS_98T · wall_segment Palisade Wall x1 |
| 11:11 | CNZS_98T · wall_segment Palisade Wall x1 |
| 11:12 | CNZS_98T · wall_segment Palisade Wall x1 |
| 14:07 | CNZS_98T · wall_segment Palisade Wall x1 |
| 16:09 | CNZS_98T · wall_segment Palisade Wall x4 |
| 16:39 | CNZS_98T · wall_segment Palisade Wall x4 |
| 19:16 | CNZS_98T · first_building Stable |
| 20:34 | CNZS_98T · first_market_buy 500 food |
| 21:29 | CNZS_98T · first_market_sell 100 wood |
| 21:47 | Oni.Kingstone · age_up castle |
| 22:01 | CNZS_98T · wall_segment Palisade Wall x1 |
| 22:27 | CNZS_98T · wall_segment Palisade Wall x1 |
| 22:28 | CNZS_98T · wall_segment Palisade Wall x2 |
| 22:42 | Oni.Kingstone · first_building Monastery |
| 24:20 | CNZS_98T · age_up castle |
| 25:00 | CNZS_98T · wall_segment Palisade Wall x1 |
| 27:43 | Oni.Kingstone · wall_segment Palisade Wall x1 |
| 28:58 | CNZS_98T · first_building Monastery |
| 30:21 | Oni.Kingstone · wall_segment Palisade Wall x1 |
| 30:22 | Oni.Kingstone · wall_segment Palisade Wall x1 |
| 31:15 | Oni.Kingstone · first_building Siege Workshop |
| 31:28 | Oni.Kingstone · wall_segment Palisade Wall x1 |
| 36:50 | CNZS_98T · resign |
[ AI ANALYSIS · 1 CREDIT ]
What really happened in this match?
Wolo.gg analyzes every decision: build order, eco, micro, common mistakes by bracket. Personalized analysis on WhatsApp or Discord in 30 seconds.
Civ guide
Aztecs
Perfil
KingstoNe (Oni.Kingstone)